Map: Triton LE

Players

Hurricane - Winner!

  • Race: Protoss Protoss
  • Spawn Location: 11:00

Harstem

  • Race: Protoss Protoss
  • Spawn Location: 5:00

Event: IEM Katowice 2020

VOD

Have the link to the VOD?

Description

Time

  • Played on: Feb. 25, 2020, 8:04 a.m.
  • Length: 7:21

All games in this series

Show
View Real Time Build Order
Export as new Build Order

Hurricane Protoss - Winner!

Build Orders: Oracle Opening, Phoenix Opening 

Get SALT Encoding   

  12  0:00  Probe  
  13  0:13  Probe  
  14  0:19  Pylon  
  14  0:25  Probe (Chrono Boost)  
  15  0:37  Probe (Chrono Boost)  
  15  0:38  Gateway  
  16  0:45  Probe (Chrono Boost)  
  16  0:46  Assimilator  
  17  0:51  Probe  
  17  0:54  Assimilator  
  18  1:03  Probe (Chrono Boost)  
  19  1:08  Gateway  
  19  1:13  Probe (Chrono Boost)  
  20  1:18  Probe (Chrono Boost)  
  21  1:25  Cybernetics Core  
  21  1:30  Probe  
  22  1:35  Pylon  
  22  1:42  Probe  
  24  1:58  Nexus  
  23  2:03  Adept (Chrono Boost)  
  25  2:08  Probe  
  25  2:11  Warp Gate  
  26  2:21  Probe  
  27  2:24  Pylon  
  27  2:25  Sentry  
  29  2:33  Probe  
  30  2:39  Stargate  
  29  2:46  Probe  
  30  2:51  Stalker  
  30  2:58  Probe  
  33  3:05  Phoenix (Chrono Boost)  
  33  3:10  Probe  
  33  3:11  Gateway  
  34  3:19  Probe  
  35  3:21  Stalker  
  35  3:22  Probe, Oracle (Chrono Boost)  
  41  3:31  Probe  
  42  3:34  Probe  
  42  3:39  Pylon  
  43  3:43  Probe  
  43  3:46  Probe  
  43  3:48  Shield Battery  
  45  3:55  Probe  
  45  3:56  Oracle  
  45  4:02  Stalker, Shield Battery  
  51  4:05  Stalker  
  51  4:08  Probe  
  54  4:10  Probe  
  54  4:16  Robotics Facility  
  55  4:20  Probe  
  56  4:30  Probe  
  57  4:32  Probe  
  58  4:42  Probe  
  58  4:45  Stalker x2  
  62  4:48  Probe  
  62  4:50  Pylon x2  
  55  5:06  Gateway  
  56  5:09  Gateway, Warp Prism (Chrono Boost)  
  56  5:11  Gateway  
  56  5:13  Sentry  
  59  5:20  Probe x2  
  61  5:27  Gateway  
  61  5:30  Sentry  
  61  5:34  Probe x2  
  65  5:36  Stalker  
  65  5:40  Pylon  
  67  5:46  Probe  
  67  5:48  Immortal (Chrono Boost)  
  72  6:01  Adept x2  
  72  6:03  Zealot x2  
  80  6:07  Adept  
  76  6:26  Adept  
  76  6:27  Adept x2, Zealot x2  
  83  6:34  Stalker  
  73  6:49  Zealot x5  
  73  7:04  Stalker  
  73  7:06  Assimilator  
  73  7:07  Assimilator  
Show
View Real Time Build Order
Export as new Build Order

Harstem Protoss 

Build Orders: 1 Gate Expand 

Get SALT Encoding   

  12  0:01  Probe  
  13  0:13  Probe  
  14  0:19  Pylon  
  14  0:25  Probe  
  15  0:28  Assimilator  
  15  0:37  Probe (Chrono Boost)  
  16  0:46  Probe (Chrono Boost)  
  16  0:47  Gateway  
  17  0:51  Probe (Chrono Boost)  
  18  1:03  Probe  
  19  1:15  Probe  
  20  1:23  Nexus  
  20  1:34  Cybernetics Core  
  20  1:36  Probe  
  21  1:45  Assimilator  
  21  1:48  Probe  
  21  1:51  Pylon  
  22  2:00  Probe  
  23  2:10  Stalker (Chrono Boost)  
  23  2:12  Probe  
  23  2:14  Warp Gate  
  26  2:24  Probe  
  27  2:30  Adept (Chrono Boost)  
  27  2:36  Probe  
  29  2:39  Gateway  
  29  2:44  Probe  
  30  2:48  Probe  
  31  2:52  Stalker  
  31  2:56  Probe  
  34  2:59  Gateway  
  35  3:05  Probe  
  35  3:08  Pylon  
  35  3:14  Pylon  
  35  3:15  Probe  
  35  3:18  Probe  
  37  3:24  Pylon  
  37  3:29  Probe (Chrono Boost), Forge  
  37  3:32  Probe (Chrono Boost)  
  39  3:40  Probe (Chrono Boost)  
  41  3:42  Probe (Chrono Boost)  
  41  3:45  Probe (Chrono Boost)  
  42  3:48  Probe (Chrono Boost)  
  42  3:55  Probe (Chrono Boost)  
  42  4:00  Protoss Ground Weapons Level 1  
  43  4:04  Probe x2 (Chrono Boost), Adept x2  
  43  4:05  Stalker  
  43  4:08  Pylon  
  50  4:10  Probe  
  50  4:11  Probe  
  52  4:17  Twilight Council  
  52  4:20  Assimilator  
  47  4:31  Probe  
  47  4:37  Stalker x2  
  49  4:39  Probe  
  49  4:43  Probe  
  50  4:51  Probe (Chrono Boost)  
  50  4:52  Blink (Chrono Boost)  
  51  4:58  Stalker  
  51  4:59  Probe (Chrono Boost)  
  52  5:03  Probe (Chrono Boost)  
  52  5:05  Stalker  
  52  5:07  Stalker  
  52  5:10  Probe (Chrono Boost)  
  52  5:11  Probe (Chrono Boost)  
  53  5:16  Pylon  
  53  5:17  Probe  
  53  5:19  Probe  
  53  5:20  Assimilator  
  55  5:23  Sentry  
  57  5:29  Probe  
  57  5:31  Probe  
  57  5:32  Pylon  
  59  5:38  Stalker  
  59  5:40  Stalker  
  59  5:41  Probe  
  64  5:44  Probe  
  65  5:51  Stalker  
  65  5:53  Probe  
  65  5:54  Pylon  
  69  5:57  Robotics Facility  
  69  6:09  Stalker x2  
  69  6:10  Shield Battery  
  72  6:14  Sentry, Shield Battery  
  68  6:20  Probe  
  56  6:30  Probe  
  56  6:32  Sentry, Stalker  
  60  6:38  Zealot  
  58  6:48  Cybernetics Core  
  56  6:58  Zealot x2  
  56  7:01  Probe  
  56  7:03  Zealot  

Tags
 
Add a new tag
Caveats
  • Supply blocks, unpowered buildings, or Contaminate may cause inaccurate times.
  • Supply counts are checked every 10 seconds.